Map: Tokamak LE

Players

MaxPax - Winner!

  • Race: Protoss Protoss
  • League: Master
  • Spawn Location: 1:00

LiquidClem (Clem)

  • Race: Terran Terran
  • League: Grandmaster
  • Spawn Location: 7:00

VOD

Have the link to the VOD?

Description

Time

  • Played on: June 24, 2025, 11:08 p.m.
  • Length: 6:50
Show
View Real Time Build Order
Export as new Build Order

MaxPax Protoss - Winner!

Build Orders: 1 Gate Expand, Phoenix Opening, Blink Stalkers 

Get SALT Encoding   

  12  0:00  Probe  
  13  0:12  Probe  
  14  0:16  Pylon  
  14  0:23  Probe  
  15  0:31  Probe  
  16  0:35  Gateway  
  16  0:39  Probe  
  16  0:45  Assimilator  
  17  0:50  Probe  
  18  1:03  Probe  
  19  1:15  Probe  
  20  1:21  Nexus  
  20  1:29  Cybernetics Core  
  20  1:32  Probe  
  21  1:39  Assimilator  
  21  1:44  Probe  
  22  1:47  Pylon  
  22  1:53  Stalker  
  22  1:57  Probe  
  23  2:05  Warp Gate  
  25  2:09  Probe  
  25  2:11  Shield Battery  
  26  2:21  Probe  
  26  2:22  Sentry, Phoenix  
  27  2:29  Probe  
  29  2:33  Probe  
  31  2:37  Probe  
  31  2:42  Twilight Council  
  32  2:45  Probe  
  32  2:47  Probe  
  32  2:48  Blink  
  32  2:51  Gateway  
  34  2:57  Probe  
  34  2:58  Stalker  
  35  3:00  Probe  
  35  3:02  Phoenix  
  38  3:09  Probe  
  38  3:12  Probe  
  40  3:21  Probe  
  40  3:24  Probe  
  40  3:25  Pylon  
  40  3:26  Gateway  
  42  3:33  Probe  
  43  3:36  Probe  
  44  3:45  Probe  
  44  3:47  Nexus  
  44  3:48  Probe  
  46  3:55  Stalker  
  48  3:58  Probe  
  50  4:04  Pylon  
  50  4:05  Assimilator  
  50  4:06  Stalker  
  51  4:10  Robotics Facility  
  51  4:13  Probe  
  51  4:14  Probe  
  53  4:17  Shield Battery  
  53  4:23  Stalker  
  55  4:26  Stalker  
  55  4:28  Probe x2  
  59  4:34  Pylon  
  59  4:38  Stalker  
  61  4:40  Probe  
  62  4:50  Pylon, Charge  
  62  4:51  Observer  
  62  4:52  Probe x2  
  64  4:53  Stalker  
  64  4:59  Probe  
  68  5:02  Stalker  
  68  5:06  Stalker  
  72  5:09  Probe x2  
  72  5:10  Immortal  
  72  5:11  Probe  
  75  5:21  Probe  
  78  5:30  Stalker  
  78  5:34  Gateway  
  76  5:37  Gateway  
  76  5:40  Stalker x2  
  76  5:41  Probe  
  76  5:42  Probe x2  
  83  5:43  Shield Battery  
  83  5:45  Gateway  
  83  5:54  Stalker, Probe  
  83  5:55  Probe  
  83  5:57  Probe  
  83  6:03  Warp Prism  
  78  6:06  Probe  
  78  6:07  Probe  
  78  6:09  Probe  
  81  6:14  Stalker x2  
  81  6:18  Probe  
  84  6:19  Probe  
  84  6:21  Sentry, Probe  
  88  6:26  Forge  
  88  6:29  Gateway  
  88  6:30  Probe  
  87  6:35  Stalker x2  
Show
View Real Time Build Order
Export as new Build Order

LiquidClem Terran 

Build Orders: Cyclone Opening 

Get SALT Encoding   

  12  0:00  SCV  
  13  0:12  SCV  
  14  0:17  Supply Depot  
  14  0:24  SCV  
  15  0:39  SCV  
  15  0:40  Barracks  
  16  0:43  Refinery  
  16  0:51  SCV  
  16  0:52  Refinery  
  17  1:03  SCV  
  18  1:15  SCV  
  19  1:28  Orbital Command, Reaper  
  19  1:29  Supply Depot  
  20  1:42  Factory  
  20  1:53  SCV  
  21  2:00  Barracks Tech Lab  
  21  2:05  SCV  
  22  2:15  Command Center  
  22  2:18  SCV  
  23  2:30  SCV  
  23  2:35  Cyclone  
  27  2:39  Starport  
  27  2:42  SCV  
  28  2:48  Supply Depot  
  28  2:50  Barracks Reactor  
  28  2:55  SCV  
  29  3:09  SCV  
  32  3:18  Refinery  
  30  3:22  SCV  
  30  3:25  Factory Tech Lab, Marine  
  30  3:26  Marine  
  33  3:28  Banshee, Cloaking Field  
  33  3:34  SCV  
  37  3:45  Orbital Command  
  37  3:46  SCV, Marine x2  
  40  3:51  Siege Tank  
  43  3:58  SCV  
  43  3:59  Supply Depot  
  44  4:10  SCV  
  44  4:11  Banshee  
  44  4:13  Marine  
  44  4:14  Marine  
  51  4:17  SCV  
  51  4:22  SCV  
  52  4:25  Siege Tank  
  52  4:28  Supply Depot  
  52  4:29  SCV  
  56  4:33  Marine x2  
  59  4:38  SCV  
  59  4:41  SCV  
  60  4:46  Barracks  
  60  4:47  Supply Depot  
  60  4:50  SCV, Supply Depot  
  60  4:52  Marine x2  
  63  4:55  Raven  
  63  4:58  SCV  
  66  5:02  Siege Tank  
  66  5:04  SCV  
  70  5:08  Supply Depot  
  70  5:11  Marine x2  
  70  5:13  SCV  
  73  5:16  SCV  
  73  5:20  Engineering Bay  
  73  5:25  SCV  
  69  5:29  SCV, Marine x2  
  70  5:37  SCV  
  70  5:39  Barracks  
  70  5:41  Refinery  
  69  5:43  Siege Tank  
  69  5:47  Marine x2, Supply Depot  
  69  5:49  Starport Reactor  
  74  5:54  Marauder  
  76  5:58  SCV  
  76  6:02  SCV  
  73  6:07  Marine x2  
  70  6:11  Command Center  
  70  6:12  SCV  
  70  6:17  Siege Tank  
  67  6:21  Barracks  
  67  6:24  Barracks  
  67  6:29  Marine x2  
  67  6:30  SCV x2  
Tags
 
Add a new tag
Caveats
  • Supply blocks, unpowered buildings, or Contaminate may cause inaccurate times.
  • Supply counts are checked every 10 seconds.